 Dungeon Crawl Stone Soup version 0.30.0-29-ga12c61a403 (webtiles) character file.

Game seed: 4413235734114905373

8037 Ijustatesigmund the Tainter (level 11, 0/72 HPs)
             Began as an Octopode Venom Mage on June 17, 2023.
             Slain by a wyvern (17 damage)
             ... on level 10 of the Dungeon.
             The game lasted 00:30:18 (14555 turns).

Ijustatesigmund the Tainter (Octopode Venom Mage)  Turns: 14555, Time: 00:30:19

Health: 0/72       AC:  1    Str:  7    XL:     11   Next: 24%
Magic:  11/22      EV: 13    Int: 27    God:
Gold:   891        SH:  5    Dex: 14    Spells: 11/25 levels left

rFire   . . .        n - +7 staff of the Meek {protect, meekguard}
rCold   . . .        (shield currently unavailable)
rNeg    . . .        (helmet restricted)
rPois   .            v - amulet of reflection
rElec   .            j - +6 ring of intelligence
rCorr   .            (no ring)
SInv    .            (no ring)
Will    .....        (no ring)
Stlth   +++          (no ring)
HPRegen 0.32/turn    (no ring)
MPRegen 0.18/turn    (no ring)
                     (no ring)

%: reflection
@: radiating poison
A: almost no armour, amphibious, 8 rings, camouflage 1, gelatinous body 1,
(nimble swimmer 1), tentacles
a: no special abilities


You were on level 10 of the Dungeon.
You visited 1 branch of the dungeon, and saw 10 of its levels.
You also visited: Sewer.

You collected 1501 gold pieces.
You spent 610 gold pieces at shops.

Inventory:

Hand Weapons
 c - the +5 hand axe of Wedgh {flame, Fly rPois Will+ Stlth-}
   (You found it on level 3 of the Dungeon)

   rPois:     It protects you from poison.
   Fly:       It grants you flight.
   Will:      It increases your willpower.
   Stlth:     It makes you less stealthy.
 k - a +4 morningstar of freezing
 m - a +3 heavy quarterstaff
 n - the +7 staff of the Meek (weapon) {protect, meekguard}
   (You found it on level 4 of the Dungeon)
Missiles
 g - 6 atropa-tipped darts (quivered)
 y - a throwing net
Magical Staves
 r - a staff of cold
Jewellery
 j - a +6 ring of intelligence (left tentacle)
 t - a ring of flight
 v - an amulet of reflection (around mantle)
 C - a ring of ice
Wands
 i - a wand of polymorph (13)
 u - a wand of iceblast (25)
 w - a wand of flame (33)
 z - a wand of digging (1)
Scrolls
 o - 5 scrolls of identify
 q - a scroll of fear
 s - 2 scrolls of blinking
 A - 2 scrolls of teleportation
 D - a scroll of amnesia
Potions
 a - 2 potions of magic
 b - a potion of cancellation
 d - 2 potions of attraction
 e - a potion of might
 f - 2 potions of mutation
 h - 2 potions of lignification
 l - a potion of ambrosia
 p - a potion of brilliance
 x - a potion of heal wounds
 B - a potion of haste


   Skills:
 + Level 5.3 Fighting
 - Level 3.0(4.3) Maces & Flails
 - Level 4.6(5.1) Staves
 - Level 2.0 Dodging
 - Level 2.6 Stealth
 + Level 7.6 Spellcasting
 + Level 7.8 Conjurations
 + Level 4.7 Translocations
 - Level 1.0 Transmutations
 - Level 6.0 Air Magic
 - Level 8.4 Poison Magic


You had 11 spell levels left.
You knew the following spells:

 Your Spells              Type           Power      Damage    Failure   Level
a - Magic Dart            Conj           100%       1d8       1%          1
b - Poisonous Vapours     Pois/Air       98%        N/A       1%          2
c - Mephitic Cloud        Conj/Pois/Air  50%        N/A       1%          3
d - Olgreb's Toxic Radia  Pois           54%        N/A       1%          4
e - Iskenderun's Mystic   Conj/Tloc      44%        2d10      4%          4

Your spell library contained the following spells:

 Spells                   Type           Power      Damage    Failure   Level
 Sting                    Tmut/Pois      100%       1d8       1%          1
 Dazzling Flash           Conj/Hex       62%        N/A       3%          3
 Volatile Blastmotes      Fire/Tloc      46%        2d13      6%          3
 Call Imp                 Summ           20%        N/A       9%          2
 Frozen Ramparts          Ice            20%        1d4       17%         3
 Ice Form                 Ice/Tmut       13%        N/A       41%         4
 Summon Ice Beast         Ice/Summ       10%        N/A       50%         4
 Starburst                Conj/Fire      15%        6d6       86%         6


Dungeon Overview and Level Annotations

Branches:
Dungeon (10/15)            Temple (0/1) D:4             Orc (0/2) D:9
  Sewer (visited)
   Lair: D:8-11

Altars:
Elyvilon
Hepliaklqana
Okawaru
Zin
The Shining One

Shops:
D:4 !=   D:6 (   D:7 :

Annotations:
D:5 1 runed translucent door, kalagan's ghost, amateur DECj
D:6 1 runed translucent door, Nicoed's ghost, novice MiFi
D:7 Joseph
D:8 3 runed translucent doors


Innate Abilities, Weirdness & Mutations

You cannot wear most types of armour.
You are amphibious.
You can wear up to eight rings at the same time.
Your skin changes colour to match your surroundings (Stealth+).
Your rubbery body absorbs attacks. (AC +1, EV +1)
((You are camouflaged when in or above water. (Stealth+)))
You have tentacles for arms and can constrict up to eight enemies at once.


Message History

The wyvern closely misses you.
A yak comes into view.
You block the wyvern's attack. x2
A yak comes into view.
The iguana bites you!
Casting: Olgreb's Toxic Radiance (dangerous; 1% risk of failure)
Confirm with . or Enter, or press ? or * to list all spells.
Your toxic radiance grows in intensity.
The wyvern looks even sicker.
The wyvern looks as sick as possible!
The iguana looks even sicker.
The yak is poisoned.
The yak looks as sick as possible!
The wyvern looks even sicker.
The yak bellows!
The yak is poisoned.
The centaur looks as sick as possible!
The wyvern looks as sick as possible! x2; The iguana looks as sick as possible!
You kill the wyvern!
You kill the centaur!
The wyvern bites you!
The iguana hisses menacingly.
The iguana bites you!
* * * LOW HITPOINT WARNING * * *
The yak looks as sick as possible!
The wyvern looks as sick as possible!
You kill the wyvern!
You kill the iguana!
The yak looks even sicker.
The yak looks as sick as possible!
The wyvern looks even sicker.
The yak looks even sicker.
The water moccasin barely misses you.
As you read the scroll of fear, it crumbles to dust.
You assume a fearsome visage.
The yak looks frightened!
The wyvern looks frightened!
The yak looks frightened!
The water moccasin looks frightened!
The yak looks frightened!
The wyvern looks frightened!
The yak looks frightened!
Your attack snaps the yak out of its fear.
Your attack snaps the wyvern out of its fear.
The wyvern looks as sick as possible!
Your attack snaps the yak out of its fear. x2
Your attack snaps the wyvern out of its fear.
The wyvern looks as sick as possible!
Your attack snaps the yak out of its fear.
The yak looks even sicker.
You kill the yak! x2
The wyvern bites you!
You die...

..... . .....
.. ...... Y..
..)... ....##
#......
...P.S##.......
..♣............
......l@.......
P.....†........
...............
.....l...).....
P.Y......<.....
..............#
...P......##.##
.........>. ##


You could see 2 yaks, a water moccasin (fleeing) and 2 wyverns.

Vanquished Creatures
  A hornet (D:9)
  4 yaks
  3 wyverns
  Grum (D:9)
  Edmund (D:6)
  A warg (D:9)
  Duvessa (D:6)
  8 orc warriors
  3 sky beasts
  2 ice beasts
  4 black bears
  5 ogres
  7 centaurs
  6 wolves (D:9)
  2 phantoms
  2 kobold brigands
  3 bullfrogs
  3 scorpions
  11 wights
  Dowan (D:6)
  9 killer bees
  5 crimson imps (D:8)
  4 howler monkeys
  6 hounds (D:6)
  5 orc priests
  Crazy Yiuf (D:4)
  7 gnoll boudas
  A jelly (D:5)
  5 sleepcaps
  5 iguanas
  8 orc wizards
  11 adders
  24 gnolls
  4 shadow imps
  5 white imps
  2 ufetubi
  4 worms
  2 dart slugs
  29 orcs
  7 endoplasms
  8 giant cockroaches (Sewer)
  16 hobgoblins
  13 jackals
  18 kobolds
  5 quokkas
  3 training dummies (D:6)
  16 ball pythons
  6 bats
  10 frilled lizards
  11 goblins
  9 rats
328 creatures vanquished.

Notes
Turn   | Place    | Note
-------+----------+-------------------------------------------
     0 | D:1      | Ijustatesigmund the Octopode Venom Mage began the quest for
                  | the Orb.
     0 | D:1      | Reached XP level 1. HP: 11/11 MP: 3/3
   444 | D:1      | Reached XP level 2. HP: 18/18 MP: 0/5
   505 | D:1      | Learned a level 2 spell: Poisonous Vapours
   711 | D:2      | Reached skill level 1 in Fighting
   833 | D:1      | Reached skill level 4 in Poison Magic
   904 | D:1      | Reached XP level 3. HP: 16/23 MP: 1/6
   913 | D:1      | Learned a level 3 spell: Mephitic Cloud
  1074 | D:1      | Found a faded altar of an unknown god.
  1569 | D:2      | Identified the +2 leather armour "Meyl" {SInv}
  1738 | D:2      | Reached skill level 1 in Air Magic
  1947 | D:2      | Reached XP level 4. HP: 21/28 MP: 5/7
  2753 | D:3      | Reached skill level 1 in Conjurations
  3018 | D:3      | Reached XP level 5. HP: 23/34 MP: 9/9
  3348 | D:3      | Identified the +5 hand axe of Wedgh {flame, Fly rPois Will+
                  | Stlth-}
  4058 | D:4      | Found the +7 staff of the Meek {protect, meekguard}
  4083 | D:4      | Found a runed translucent door.
  4084 | D:4      | Noticed Crazy Yiuf
  4141 | D:4      | Reached XP level 6. HP: 41/41 MP: 10/10
  4155 | D:4      | Reached skill level 5 in Poison Magic
  4191 | D:4      | Found a staircase to the Ecumenical Temple.
  4506 | D:4      | Learned a level 4 spell: Olgreb's Toxic Radiance
  4550 | D:4      | Found Puur's Distillery.
  4557 | D:4      | Bought a potion of magic for 80 gold pieces
  4557 | D:4      | Bought a potion of heal wounds for 50 gold pieces
  4580 | D:4      | Reached skill level 1 in Maces & Flails
  4703 | D:4      | Found Myes's Jewellery Boutique.
  4979 | D:5      | Entered Level 5 of the Dungeon
  4989 | D:5      | Found a glowing drain.
  5000 | D:5      | Reached XP level 7. HP: 37/45 MP: 3/12
  5006 | Sewer    | Entered a sewer
  5818 | D:5      | Reached skill level 6 in Poison Magic
  5818 | D:5      | Reached XP level 8. HP: 45/51 MP: 14/14
  6143 | D:5      | Found a runed translucent door.
  6143 | D:5      | Noticed kalagan's ghost (amateur DECj)
  6399 | D:6      | Found a runed translucent door.
  6400 | D:6      | Noticed Nicoed's ghost (novice MiFi)
  6595 | D:6      | Found Neaczaepam's Firing Range.
  6768 | D:6      | Noticed Duvessa
  6769 | D:6      | Noticed Dowan
  6776 | D:6      | Killed Duvessa
  6777 | D:6      | Reached skill level 1 in Staves
  6782 | D:6      | Killed Dowan
  7128 | D:6      | Reached skill level 7 in Poison Magic
  7349 | D:6      | Identified the +5 sling "Mimoeps" {flame, Int+2}
  7359 | D:6      | Reached XP level 9. HP: 49/55 MP: 4/16
  7360 | D:6      | Reached skill level 5 in Spellcasting
  7362 | D:6      | Noticed Edmund
  7523 | D:4      | Killed Crazy Yiuf
  7599 | D:6      | Reached skill level 5 in Air Magic
  7924 | D:6      | Reached skill level 5 in Conjurations
  8175 | D:6      | Found a hazy altar of Hepliaklqana.
  8225 | D:6      | Killed Edmund
  8483 | D:6      | Found a glowing golden altar of the Shining One.
  8483 | D:6      | Found a white marble altar of Elyvilon.
  8484 | D:6      | Found a glowing silver altar of Zin.
  8877 | D:7      | Noticed Joseph
  8900 | D:7      | Reached skill level 8 in Poison Magic
  9699 | D:7      | Learned a level 1 spell: Magic Dart
  9699 | D:7      | Identified a scroll of acquirement
  9699 | D:7      | Acquired 841 gold pieces
 10183 | D:7      | Reached XP level 10. HP: 61/61 MP: 19/19
 10368 | D:7      | Found Xuifitos's Book Shop.
 10382 | D:7      | Bought a book of Spectacle for 480 gold pieces
 10387 | D:7      | Learned a level 4 spell: Iskenderun's Mystic Blast
 10717 | D:8      | Found a runed translucent gate.
 10717 | D:8      | Found a runed translucent gate.
 10717 | D:8      | Found a runed translucent gate.
 10718 | D:8      | Noticed a red ugly thing
 10840 | D:8      | Reached skill level 1 in Translocations
 11439 | D:8      | Found an iron altar of Okawaru.
 11851 | D:8      | Found Porphamp's Practical Paraphernalia.
 12008 | D:8      | Noticed a green ugly thing
 12008 | D:8      | Noticed a purple ugly thing
 12011 | D:8      | Noticed a green ugly thing
 12012 | D:8      | Noticed a red ugly thing
 12450 | D:9      | Noticed Grum
 12468 | D:9      | Killed Grum
 12763 | D:9      | Found a staircase to the Orcish Mines.
 13473 | D:9      | Reached XP level 11. HP: 59/70 MP: 13/21
 13492 | D:9      | Reached skill level 5 in Fighting
 14548 | D:10     | Entered Level 10 of the Dungeon
 14555 | D:10     | Slain by a wyvern

Illustrated notes

Levels and vault maps discovered:
D:1:      lemuel_arrival_rhombus, layout_rooms,
          dreamdust_ecumenical_altar_hidden_monk_grotto
D:2:      wad_lake_hut, layout_loops_corners
D:3:      layout_basic
D:4:      layout_loops_corners, minmay_temple_entry_fiery, serial_shops, shop,
          nicolae_shop_waterfront, uniq_crazy_yiuf_cottage
D:5:      layout_loops_ring, gammafunk_ghost_grave,
          cheibrodos_sewer_entry_drain, grunt_decor_mini_mirrors
D:6:      kennysheep_housing_project, layout_gridville, good_gods_temple_1,
          mainiacjoe_overflow_alcove_4, ebering_ghost_reflecting_pool,
          nicolae_shop_firing_range, uniq_duvessa, uniq_edmund
D:7:      layout_layer_cave, serial_shops, nicolae_shop_advertising_works
          [nicolae_subvault_shop_adworks], st_stairs_2, uniq_joseph
D:8:      cheibrodos_iron_armory, layout_gridville,
          mainiacjoe_overflow_cross_hatched,
          ploomutoo_gammafunk_ghost_potion_laboratory, nicolae_alphabet_shops,
          minmay_nine_imps
D:9:      layout_gridville, david_orc_1_choice, serial_ice, serial_ice_l,
          serial_ice_c, serial_ice_o, serial_ice_g, serial_ice_e, serial_ice_d,
          uniq_grum
D:10:     layout_big_octagon, nicolae_ru_great_annihilating_truth,
          gammafunk_temple_overflow_pools, minmay_lair_entry_grove

Skill      XL: |  1  2  3  4  5  6  7  8  9 10 11 |
---------------+----------------------------------+-----
Fighting       | 1 2 4 5 |  5.3
Poison Magic   | 4 5 6 7 8 |  8.4
Air Magic      | 1 2 3 4 5 6 |  6.0
Conjurations   | 1 2 3 4 5 7 |  7.8
Spellcasting   | 3 4 6 7 |  7.6
Maces & Flails | 1 2 3 |  3.0
Staves         | 2 4 |  4.6
Translocations | 4 |  4.7
Dodging        | |  2.0
Stealth        | |  2.6
Transmutations | |  1.0

Action                     |  1- 3 |  4- 6 |  7- 9 | 10-12 || total
---------------------------+-------+-------+-------+-------++-------
  Melee: Unarmed           |    34 |       |       |       ||    34
         Constrict         |    20 |    26 |    31 |    36 ||   113
         Tentacles         |    20 |    22 |    40 |    47 ||   129
         Whip              |    37 |    66 |       |       ||   103
         Punch             |     3 |     1 |     3 |     4 ||    11
         Hand axe          |       |    16 |       |       ||    16
         Quarterstaff      |       |    34 |   170 |   182 ||   386
  Throw: Dart              |     1 |     1 |     3 |       ||     5
   Cast: Sting             |    22 |     4 |     2 |       ||    28
         Poisonous Vapours |    12 |    24 |    42 |     9 ||    87
         Olgreb's Toxic Ra |       |       |    22 |    27 ||    49
         Magic Dart        |       |       |       |     4 ||     4
         Mephitic Cloud    |       |       |       |     2 ||     2
    Use: Scroll            |     4 |    10 |    10 |     2 ||    26
         Potion            |       |     3 |     1 |     1 ||     5
   Stab: Sleeping          |     3 |     8 |    12 |     1 ||    24
         Confused          |       |       |       |     1 ||     1
 Armour: Skin              |     5 |    18 |    46 |    49 ||   118
  Dodge: Dodged            |    42 |    71 |   111 |   126 ||   350
  Block: Other             |       |       |     8 |    49 ||    57
         Reflection        |       |       |     1 |     4 ||     5
